 Dungeon Crawl Stone Soup version 0.21.1-1-g345015f (webtiles) character file.

114 sking99 the Cudgeler (level 4, -2/42 HPs)
             Began as a Naga Fighter on June 22, 2018.
             Was a Follower of Cheibriados.
             Slain by a gnoll
             ... wielding a +0 spear
              (6 damage)
             ... on level 3 of the Dungeon.
             The game lasted 00:04:44 (2178 turns).

sking99 the Cudgeler (Naga Fighter)                 Turns: 2178, Time: 00:04:45

Health: -2/42      AC:  5    Str: 21    XL:     4   Next: 97%
Magic:  5/5        EV:  5    Int: 12    God:    Cheibriados [*.....]
Gold:   69         SH:  9    Dex: 14    Spells: 3/3 levels left

rFire    . . .     SeeInvis +   n - +1 whip (elec)
rCold    . . .     Gourm    .   c - +0 shield
rNeg     . . .     Faith    .   b - +0 scale mail
rPois    +         Spirit   .   (no helmet)
rElec    .         Reflect  .   (no cloak)
rCorr    .         Harm     .   (no gloves)
MR       .....                  (no barding)
Stlth    +.........             (no amulet)
HPRegen  0.14/turn              (no ring)
MPRegen  0.09/turn              (no ring)

@: glowing, very slow
A: large, see invisible, deformed body, poison resistance, slowness 2, slow
metabolism 1, spit poison 1, AC +1
a: Spit Poison, Bend Time, Renounce Religion


You were on level 3 of the Dungeon.
You worshipped Cheibriados.
Cheibriados was aware of your devotion.
You were not hungry.

You visited 1 branch of the dungeon, and saw 3 of its levels.

You collected 69 gold pieces.

Inventory:

Hand Weapons
 a - a +0 flail
 n - a +1 whip of electrocution (weapon)
Armour
 b - a +0 scale mail (worn)
 c - a +0 shield (worn)
Jewellery
 r - a +2 ring of intelligence {unknown}
Scrolls
 e - a scroll of amnesia {unknown}
 g - a scroll of fog {unknown}
 i - a scroll of magic mapping {unknown}
 j - a scroll of immolation {unknown}
 k - a scroll of fear {unknown}
 m - 2 scrolls of identify {unknown}
 q - 2 scrolls of teleportation {unknown}
Potions
 d - a potion of might
 h - 3 potions of haste {unknown}
 l - 2 potions of curing {unknown}
 o - a potion of mutation {unknown}
 p - a potion of agility {unknown}
 s - a potion of magic {unknown}
 t - a potion of degeneration {unknown}
Comestibles
 f - 3 rations
 u - 2 chunks of flesh


   Skills:
 - Level 3.1 Fighting
 * Level 3.2 Maces & Flails
 - Level 2.9 Armour
 + Level 2.2 Stealth
 + Level 2.9 Shields
 + Level 1.4 Invocations


You had 3 spell levels left.
You didn't know any spells.

Dungeon Overview and Level Annotations

Branches:
Dungeon (3/15)

Altars:
Cheibriados
Hepliaklqana
Nemelex Xobeh
Xom
Zin


Innate Abilities, Weirdness & Mutations

You cannot wear boots.
Your serpentine skin is tough. (AC +1)
You have supernaturally acute eyesight. (SInv)
Armour fits poorly on your strangely shaped body.
Your system is resistant to poisons. (rPois)
You cover ground very slowly.
You have a slow metabolism.
You can spit poison.


Message History

The gnoll shouts!
A gnoll comes into view. It is wielding a halberd.
The gnoll shouts!
You hear a shout!
You block the gnoll's attack. The gnoll hits you with a halberd!
A gnoll comes into view. It is wielding a halberd.
The angel rambles incoherently.
You block the orc's attack. The gnoll barely misses you.
You block the gnoll's attack. You block the orc's attack.
The gnoll hits you but does no damage.
You hit the orc but do no damage. Lightning courses through the orc!
You kill the orc!
Cheibriados appreciates the change of pace.
The gnoll hits you from afar with a halberd.
The gnoll hits you from afar with a spear.
The gnoll hits you but does no damage. You block the gnoll's attack.
The gnoll hits you from afar with a halberd!
The gnoll hits you with a spear!
* * * LOW HITPOINT WARNING * * *
The gnoll barely misses you. x2; The gnoll hits you with a spear.
You die...

+...........>..........
#...........#..........
#...........#..########
#...........#.##
#...#.#######. #...#.#
#...#.#######.#
#.............#
#.....@.#.##...
#......ggg......
#..#####g..##...
#..#...#...#
#._#..A#_.....
#..#...#...#.##
#..#####.......
#..........#.##.
#.........#.#


You could see an angel (confused) and 4 gnolls.

Vanquished Creatures
  An orc priest (D:3)
  2 adders
  2 oozes
  A worm (D:3)
  4 dart slugs
  5 orcs (D:3)
  A ball python (D:2)
  A bat (D:1)
  3 giant cockroaches
  5 goblins
  4 hobgoblins
  5 kobolds
  2 quokkas
  A frilled lizard (D:3)
  6 rats
43 creatures vanquished.

Vanquished Creatures (others)
  A bat (D:3)
1 creature vanquished.

Grand Total: 44 creatures vanquished

Notes
Turn   | Place    | Note
-------+----------+-------------------------------------------
     0 | D:1      | sking99 the Naga Fighter began the quest for the Orb.
     0 | D:1      | Reached XP level 1. HP: 21/21 MP: 1/1
   180 | D:1      | Reached XP level 2. HP: 22/28 MP: 2/2
   577 | D:1      | Found a snail-covered altar of Cheibriados.
   583 | D:1      | Became a worshipper of Cheibriados the Contemplative
   827 | D:2      | Reached XP level 3. HP: 29/34 MP: 3/3
   951 | D:2      | Reached skill level 1 in Stealth
  1620 | D:3      | Reached * piety under Cheibriados
  1713 | D:3      | Reached XP level 4. HP: 32/42 MP: 4/4
  1714 | D:3      | Reached skill level 1 in Invocations
  2028 | D:3      | Found a hazy altar of Hepliaklqana.
  2066 | D:3      | Found a sparkling altar of Nemelex Xobeh.
  2165 | D:3      | Noticed an angel
  2168 | D:3      | Found a shimmering altar of Xom.
  2168 | D:3      | Found a glowing silver altar of Zin.
  2178 | D:3      | Slain by a gnoll

Skill      XL: |  1  2  3  4 |
---------------+-------------+-----
Stealth        | 1 2 |  2.2
Invocations    | 1 |  1.4
Maces & Flails | 3 |  3.2
Fighting       | |  3.1
Armour         | |  2.9
Shields        | |  2.9

Action                   |  1- 3 |  4- 6 || total
-------------------------+-------+-------++-------
Melee: Flail             |    60 |       ||    60
       Whip              |    44 |    31 ||    75
 Abil: Spit Poison       |     4 |       ||     4
  Eat: Chunk             |     3 |     1 ||     4
Armor: Scale mail        |    38 |     6 ||    44
Dodge: Dodged            |    23 |     4 ||    27
Block: Shield            |    42 |    18 ||    60
